 Dungeon Crawl Stone Soup version 0.31-a0-217-g58bb5d79cf (webtiles) character file.

Game seed: 4972790611110704978

102 qw the Shooter (level 4, -3/26 HPs)
             Began as a Gargoyle Hexslinger on July 2, 2023.
             Slain by Terence
             ... wielding a +0 mace
              (6 damage)
             ... on level 3 of the Dungeon.
             The game lasted 00:00:51 (1351 turns).

qw the Shooter (Gargoyle Hexslinger)                Turns: 1351, Time: 00:00:52

Health: -3/26      AC:  9    Str: 12    XL:     4   Next: 78%
Magic:  5/5        EV: 10    Int: 13    God:
Gold:   99         SH:  5    Dex: 14    Spells: 4/5 levels left

rFire   . . .        Y - +1 sling
rCold   . . .        (no shield)
rNeg    + . .        c - +0 ring mail
rPois   inf          (no helmet)
rElec   +            (no cloak)
rCorr   .            (no gloves)
SInv    .            (no boots)
Will    .....        d - amulet of reflection
Stlth   +            (no ring)
HPRegen 0.24/turn    (no ring)
MPRegen 0.09/turn

%: reflection
@: no status effects
A: sickness immunity, AC +3, negative energy resistance 1, electricity
resistance, torment resistance 1, petrification resistance
a: no special abilities


You were on level 3 of the Dungeon.
You visited 1 branch of the dungeon, and saw 3 of its levels.

You collected 99 gold pieces.


Innate Abilities, Weirdness & Mutations

You are immune to sickness and miasma.
Your stone body is resilient. (AC +3)
You are immune to poison.
You resist negative energy. (rN+)
You are resistant to electric shocks. (rElec)
You are resistant to unholy torment.
You are immune to petrification.


   Skills:
 - Level 2.0 Fighting
 + Level 4.0 Ranged Weapons
 - Level 1.8 Armour
 - Level 1.5 Dodging
 - Level 1.0 Spellcasting
 - Level 2.6 Hexes


You had 4 spell levels left.
You knew the following spells:

 Your Spells              Type           Power      Damage    Failure   Level
a - Slow                  Hex            28%        N/A       21%         1

Your spell library contained the following spells:

 Spells                   Type           Power      Damage    Failure   Level
 Inner Flame              Hex/Fire       4%         N/A       71%         3
 Portal Projectile        Hex/Tloc       8%         N/A       71%         3
 Cause Fear               Hex            3%         N/A       90%         4

Inventory:

Hand Weapons
 Y - a +1 sling (weapon)
Armour
 c - a +0 ring mail (worn)
 j - a +3 leather armour
 l - a +2 pair of boots
Jewellery
 d - an amulet of reflection (around neck)
Scrolls
 a - 3 scrolls of identify
 i - a scroll of blinking {unknown}
Potions
 e - 2 potions of haste {unknown}
 f - a potion of curing
 g - a potion of lignification {unknown}
 h - a potion of mutation {unknown}
 k - a potion of berserk rage {unknown}

Dungeon Overview and Level Annotations

Branches:
Dungeon (3/15)

Altars:

Annotations:
D:3 Terence


Message History

Terence is moderately wounded.
Terence closely misses you.
You shoot a sling bullet. The sling bullet hits Terence.
Terence is heavily wounded.
Terence misses you. Terence hits you but does no damage.
You shoot a sling bullet.
The sling bullet hits Terence but does no damage.
Terence is heavily wounded.
You block Terence's attack.
You shoot a sling bullet.
The sling bullet hits Terence but does no damage.
Terence is heavily wounded.
Terence hits you but does no damage. x2
You shoot a sling bullet.
The sling bullet hits Terence but does no damage.
Terence is heavily wounded.
You block Terence's attack.
You shoot a sling bullet.
The sling bullet hits Terence but does no damage.
Terence is heavily wounded.
Terence hits you but does no damage.
You shoot a sling bullet.
The sling bullet closely misses Terence.
You block Terence's attack. Terence barely misses you.
You shoot a sling bullet.
The sling bullet hits Terence but does no damage.
Terence is heavily wounded.
Terence hits you with a +0 mace!
You shoot a sling bullet.
The sling bullet hits Terence but does no damage.
Terence is heavily wounded.
Terence hits you with a +0 mace.
You shoot a sling bullet. The sling bullet barely misses Terence.
Terence closely misses you. You block Terence's attack.
You shoot a sling bullet.
The sling bullet completely misses Terence.
Terence hits you with a +0 mace.
You shoot a sling bullet. The sling bullet barely misses Terence.
Terence hits you with a +0 mace.
You die...

.# .####.. ...... ....
....... ....... ....
....... .......# .....
....... ......####....
.....######..........##.
.....##.................
.######.........@....##
...# #......#..@.....#
...# #......#...####.#
...# .......#....##
)##............#......
.##............#.####.#
......................
..... ..<.............
..... ................
..... ................


You could see Terence.

Vanquished Creatures
  An orc wizard (D:3)
  2 adders (D:2)
  A dart slug (D:2)
  2 orcs (D:3)
  6 bats
  4 endoplasms
  3 giant cockroaches
  7 goblins
  4 hobgoblins
  3 kobolds
  2 quokkas
  8 ball pythons
  4 frilled lizards
  4 rats
51 creatures vanquished.

Notes
Turn   | Place    | Note
-------+----------+-------------------------------------------
     0 | D:1      | qw the Gargoyle Hexslinger began the quest for the Orb.
     0 | D:1      | Reached XP level 1. HP: 12/12 MP: 2/2
     0 | D:1      | 0 ||| qw: Version: 0.3-a-40-ge99b1a8
     0 | D:1      | 0 ||| qw: Game counter: 7977
     0 | D:1      | 0 ||| qw: Melee chars always use a shield: true
     0 | D:1      | 0 ||| qw: God list: Okawaru
     0 | D:1      | 0 ||| qw: Allow faded altars: false
     0 | D:1      | 0 ||| qw: Do Orc after clearing Dungeon:15 true
     0 | D:1      | 0 ||| qw: Do second Lair branch before Depths: true
     0 | D:1      | 0 ||| qw: Lair rune preference: random
     0 | D:1      | 0 ||| qw: Goals: Normal
     0 | D:1      | 0 ||| PLANNING D:1-11
   158 | D:1      | You fall into a shaft and drop 1 floor!
   170 | D:2      | Reached XP level 2. HP: 16/16 MP: 3/3
   185 | D:2      | Reached skill level 3 in Ranged Weapons
   215 | D:2      | Reached XP level 3. HP: 11/21 MP: 4/4
   317 | D:2      | 317 ||| UPGRADING to +0 leather armour.
   327 | D:2      | 327 ||| DROPPING +0 robe.
   328 | D:2      | 328 ||| READING 2 scrolls labelled UKUDEUN RUCE.
   329 | D:2      | 329 ||| DROPPING scroll of poison.
   409 | D:1      | Found a faded altar of an unknown god.
   740 | D:1      | 740 ||| READING 2 scrolls of identify.
   740 | D:1      | 740 ||| IDENTIFYING brown potion
   760 | D:2      | 760 ||| STAIRDANCE
   901 | D:2      | Reached XP level 4. HP: 26/26 MP: 5/5
  1094 | D:2      | 1094 ||| UPGRADING to +0 ring mail.
  1104 | D:2      | 1104 ||| DROPPING +0 leather armour.
  1105 | D:2      | 1105 ||| UPGRADING to amulet of reflection.
  1110 | D:2      | 1110 ||| READING scroll labelled GEIDOO VUNA.
  1154 | D:3      | 1154 ||| Stepping ~*~*~tactically~*~*~ (outnumbered).
  1183 | D:3      | Reached skill level 4 in Ranged Weapons
  1239 | D:3      | Reached skill level 1 in Armour
  1300 | D:3      | Noticed Terence
  1328 | D:3      | HP: 5/26 [Terence/+0 mace (4)]
  1329 | D:3      | 1329 ||| DRINKING potion of heal wounds.
  1347 | D:3      | HP: 6/26 [Terence/+0 mace (7)]
  1350 | D:3      | HP: 2/26 [Terence/+0 mace (4)]
  1351 | D:3      | Slain by Terence

Levels and vault maps discovered:
D:1:      dpeg_arrival_solitude, layout_basic, basic_ecumenical_altar
D:2:      layout_rooms, serial_curves, eino_curves_03, eino_curves_04
D:3:      layout_basic, serial_bayou_lake_a, uniq_terence

Skill      XL: |  1  2  3  4 |
---------------+-------------+-----
Ranged Weapons | 3 4 |  4.0
Fighting       | 2 |  2.0
Armour         | 1 |  1.8
Dodging        | |  1.5
Spellcasting   | |  1.0
Hexes          | |  2.6

Action                     |  1- 3 |  4- 6 || total
---------------------------+-------+-------++-------
   Fire: Sling             |   107 |   125 ||   232
    Use: Scroll            |     2 |     1 ||     3
         Potion            |       |     1 ||     1
 Armour: Robe              |     2 |       ||     2
         Leather armour    |    17 |     8 ||    25
         Ring mail         |       |    18 ||    18
  Dodge: Dodged            |    36 |    38 ||    74
  Block: Other             |       |    16 ||    16
         Reflection        |       |     2 ||     2

Table legend:
 A = Non-vault XP
 B = Vault XP
 C = Vault XP percentage of total XP
 D = Non-vault monster count
 E = Vault monster count
 F = Vault count percentage of total count
                 A         B        C        D         E       F
            +---------+---------+-------+---------+---------+-------
      Total |     147 |       0 |   0.0 |      51 |       0 |   0.0
            +---------+---------+-------+---------+---------+-------
        D:1 |      30 |       0 |   0.0 |      18 |       0 |   0.0
        D:2 |      59 |       0 |   0.0 |      19 |       0 |   0.0
        D:3 |      58 |       0 |   0.0 |      14 |       0 |   0.0
            +---------+---------+-------+---------+---------+-------
